 Dungeon Crawl Stone Soup version 0.22-a0-422-g9628fc8 (webtiles) character file.

137 Borgoz the Cudgeler (level 5, -1/32 HPs)
             Began as a Gargoyle Gladiator on May 21, 2018.
             Slain by a worker ant (6 damage)
             ... on level 4 of the Dungeon.
             The game lasted 00:03:53 (1725 turns).

Borgoz the Cudgeler (Gargoyle Gladiator)            Turns: 1725, Time: 00:03:53

Health: -1/32      AC:  8    Str: 18    XL:     5   Next: 20%
Magic:  5/5        EV: 13    Int:  8    God:
Gold:   173        SH:  0    Dex: 12    Spells: 4/4 levels left

rFire    . . .     SeeInvis .   a - +1 flail
rCold    . . .     Gourm    .   (no shield)
rNeg     + . .     Faith    .   b - +0 leather armour
rPois    ∞         Spirit   .   c - +0 helmet
rElec    +         Reflect  .   (no cloak)
rCorr    .         Harm     .   (no gloves)
MR       .....     Rnd*Tele +   (no boots)
Stlth    +.........             (no amulet)
HPRegen  0.10/turn              h - ring of teleportation (curse)
MPRegen  0.09/turn              (no ring)

@: no status effects
A: negative energy resistance 1, electricity resistance, unbreathing,
petrification resistance, rot immunity, AC +4
a: no special abilities


You were on level 4 of the Dungeon.
You were not hungry.

You visited 1 branch of the dungeon, and saw 4 of its levels.

You collected 173 gold pieces.

Inventory:

Hand Weapons
 a - a +1 flail (weapon)
Missiles
 d - 3 throwing nets (quivered)
Armour
 b - a +0 leather armour (worn)
 c - a +0 helmet (worn)
Jewellery
 h - a cursed ring of teleportation (left hand)
Potions
 e - a potion of ambrosia
 g - 2 potions of brilliance
 l - a potion of lignification
Comestibles
 f - 5 rations
 m - 4 chunks of flesh


   Skills:
 + Level 3.1 Fighting
 + Level 3.7 Maces & Flails
 - Level 1.7 Throwing
 + Level 2.0 Armour
 * Level 3.5 Dodging


You had 4 spell levels left.
You didn't know any spells.
Your spell library was empty.

Dungeon Overview and Level Annotations

Branches:
Dungeon (4/15)
 Temple: D:4-7

Altars:


Innate Abilities, Weirdness & Mutations

You are resistant to torment.
Your stone body is resilient. (AC +4)
You are immune to poison.
You resist negative energy. (rN+)
You are resistant to electric shocks. (rElec)
You can survive without breathing.
You are immune to petrification.
You are immune to rotting.


Message History

The worker ant bites you.
You are too injured to fight recklessly!
You are too injured to fight recklessly!
You are too injured to fight recklessly!
You hit the worker ant but do no damage.
The worker ant bites you. The worker ant barely misses you.
You closely miss the worker ant. The worker ant bites you.
You hit the worker ant but do no damage.
The worker ant closely misses you. The worker ant bites you.
* * * LOW HITPOINT WARNING * * *
Your leather armour prevents you from hitting the worker ant.
The worker ant bites you but does no damage.
You completely miss the worker ant.
The worker ant bites you but does no damage.
You closely miss the worker ant.
The worker ant bites you but does no damage.
The worker ant bites you.
* * * LOW HITPOINT WARNING * * *
You closely miss the worker ant. The worker ant bites you.
You die...

########
##########......########
.......@>...............
######..a######.#....÷..
#....# #......... #....#
###..##### ##...# #..# #
#...# #..# # #...# #..#
# #..<# #..# # #..# #


You could see a worker ant.

Vanquished Creatures
  A hound (D:4)
  5 adders
  3 worms
  3 dart slugs
  A leopard gecko (D:1)
  An orc (D:2)
  2 giant cockroaches (D:2)
  7 hobgoblins
  2 jackals (D:2)
  6 kobolds
  A quokka (D:4)
  2 bats
  A frilled lizard (D:2)
  6 goblins
  A leopard gecko skeleton (D:2)
  A quokka skeleton (D:4)
  5 rats
48 creatures vanquished.

Notes
Turn   | Place    | Note
-------+----------+-------------------------------------------
     0 | D:1      | Borgoz the Gargoyle Gladiator began the quest for the Orb.
     0 | D:1      | Reached XP level 1. HP: 12/12 MP: 1/1
   274 | D:1      | Reached XP level 2. HP: 18/18 MP: 2/2
   467 | D:1      | Reached skill level 1 in Armour
   497 | D:1      | Reached XP level 3. HP: 22/22 MP: 3/3
  1010 | D:2      | Reached XP level 4. HP: 26/27 MP: 4/4
  1588 | D:4      | Reached XP level 5. HP: 19/32 MP: 5/5
  1725 | D:4      | Slain by a worker ant

Vault maps used:
D:1:      wheals_arrival_linesprint, item_on_display_a
D:3:      grunt_dithmenos_smoke_and_mirrors, first_ration, uniq_purgy
D:4:      dancing_weapons_uskayaw, portal_sewer_entry_e

Skill      XL: |  1  2  3  4  5 |
---------------+----------------+-----
Armour         | 1 2 |  2.0
Dodging        | 3 |  3.5
Fighting       | 3 |  3.1
Maces & Flails | |  3.7
Throwing       | |  1.7

Action                   |  1- 3 |  4- 6 || total
-------------------------+-------+-------++-------
Melee: Flail             |   100 |    98 ||   198
  Use: Scroll            |       |     7 ||     7
  Eat: Chunk             |       |     3 ||     3
Armor: Leather armour    |    48 |    40 ||    88
Dodge: Dodged            |    64 |    62 ||   126

Table legend:
 A = Spawn XP
 B = Non-spawn XP
 C = Spawn XP percentage of total XP
 D = Spawn monster count
 E = Non-spawn monster count
 F = Spawn count percentage of total count
 G = Total turns spent on level
                    A         B        C        D         E        F      G
               +---------+---------+-------+---------+---------+-------+---------
         Total |       0 |     196 |   0.0 |       0 |      48 |   0.0 |  1725
               +---------+---------+-------+---------+---------+-------+---------
           D:1 |       0 |      38 |   0.0 |       0 |      20 |   0.0 |   689
           D:2 |       0 |      53 |   0.0 |       0 |      16 |   0.0 |   499
           D:3 |       0 |      41 |   0.0 |       0 |       7 |   0.0 |   359
           D:4 |       0 |      64 |   0.0 |       0 |       5 |   0.0 |   178
               +---------+---------+-------+---------+---------+-------+---------
